Avalanche vs Coyotes
(R1)
Created - May 22, 2019 at 19:00
Goals
|
Avalanche |
1 |
2 |
2 |
5 |
Coyotes |
2 |
2 |
0 |
4 |
|
Shots
|
Avalanche |
11 |
7 |
12 |
30 |
Coyotes |
14 |
12 |
10 |
36 |
|
1st period
1. Coyotes , Chris Stewart 4 (Ryane Clowe 2, Valtteri Filppula 4) at 10:10
2. Coyotes , Brad Richards 2 (Tyler Ennis 5) at 10:30
3. Avalanche , Damien Brunner 2 (Erik Karlsson 3, Kyle Turris 1) at 17:43
Penalties :
Valtteri Filppula (Ari) for Hooking (Minor) at 12:15
2nd period
4. Avalanche , Andrew Ladd 1 (Erik Karlsson 4) at 0:58
5. Coyotes , Martin Samuelsson 2 (Brooks Laich 2, Michael Del Zotto 2) at 4:58
6. Avalanche , Ville Leino 1 (Paul Stastny 4) at 18:33
7. Coyotes , Kristopher Letang 2 (Marian Gaborik 2, Maxime Daigneault) at 19:00 (PP)
Penalties :
Zach Parise (Ari) for Roughing (Minor) at 6:22, Patric Hornqvist (Col) for Interference (Minor) at 11:27, Chuck Kobasew (Col) for Slashing (Minor) at 16:01, Andrei Kostitsyn (Col) for Hooking (Minor) at 18:51
3rd period
8. Avalanche , Jack Johnson 2 (Bryan Little 7, Semyon Varlamov) at 3:37 (SH)
9. Avalanche , Bryan Little 2 (Mikkel Boedker 3, Damien Brunner 1) at 5:31 (PP)
Penalties :
Damien Brunner (Col) for Tripping (Minor) at 2:23, Marian Gaborik (Ari) for Slashing (Double Minor) at 4:01, Paul Stastny (Col) for Roughing (Minor) at 11:29, Mikkel Boedker (Col) for Interference (Minor) at 14:51, Chad Larose (Ari) for Roughing (Minor) at 18:29
Goalie Stats
Semyon Varlamov (Col), 32 saves from 36 shots - (0.889), W, 4-2-0, 60:00 minutes
Maxime Daigneault (Ari), 25 saves from 30 shots - (0.833), L, 6-1-0, 60:00 minutes
Players Stats for Avalanche
Player Name G A P +/- PIM S H SB GA TA FO MP PP MP PK MP
------------------------------------------------------------------------------------
Alexander Radulov 0 0 0 -1 0 1 3 0 0 0 1/1 14:40 3:03 0:00
Andrei Kostitsyn 0 0 0 0 2 3 2 3 1 0 1/1 18:09 3:11 2:30
Andrew Ladd 1 0 1 1 0 3 0 2 0 2 3/8 16:01 0:38 5:36
Bryan Little 1 1 2 -1 0 4 2 2 1 0 7/22 22:46 4:58 2:08
Chuck Kobasew 0 0 0 1 2 0 2 1 0 0 0/1 9:27 0:00 4:21
Damien Brunner 1 1 2 1 2 1 0 2 0 1 0/1 12:55 1:09 2:23
Dan Boyle 0 0 0 1 0 0 1 0 0 0 0/0 14:02 2:31 0:31
Erik Karlsson 0 2 2 0 0 2 0 1 0 1 0/0 19:25 4:56 0:00
Jack Johnson 1 0 1 1 0 2 1 1 0 2 0/0 23:15 4:56 4:04
Johnny Boychuk 0 0 0 2 0 0 1 0 0 0 0/0 13:51 0:00 4:04
Kyle Turris 0 1 1 2 0 0 1 0 1 0 4/11 10:38 0:00 0:41
Marc Staal 0 0 0 -1 0 2 0 4 0 1 0/0 22:43 1:09 5:08
Mattias Ekholm 0 0 0 -1 0 0 1 1 0 0 0/0 5:31 0:00 0:00
Mikkel Boedker 0 1 1 -1 2 4 3 0 0 2 0/0 19:33 4:58 0:00
Patric Hornqvist 0 0 0 -1 2 2 3 1 0 1 0/2 21:23 4:24 1:41
Paul Stastny 0 1 1 0 2 2 0 0 0 0 10/20 18:53 3:03 0:00
Pernell Karl Subban 0 0 0 0 0 3 0 2 0 1 0/0 21:13 3:40 5:39
Ville Leino 1 0 1 1 0 1 1 0 0 0 0/0 5:24 0:24 0:06
Players Stats for Coyotes
Player Name G A P +/- PIM S H SB GA TA FO MP PP MP PK MP
------------------------------------------------------------------------------------
Alexander Sulzer 0 0 0 -1 0 0 3 0 1 0 0/0 14:02 0:00 3:05
Anton Stralman 0 0 0 0 0 5 0 1 3 0 0/0 25:29 6:18 3:59
Brad Richards 1 0 1 1 0 2 2 0 0 0 22/35 23:23 5:25 2:48
Brooks Laich 0 1 1 -2 0 0 2 1 0 0 2/6 8:39 0:00 0:06
Chad Larose 0 0 0 -2 2 2 2 0 0 1 1/4 12:07 0:00 3:41
Chris Stewart 1 0 1 1 0 2 0 0 0 0 0/0 6:12 0:00 0:00
Greg Zanon 0 0 0 1 0 1 0 3 0 0 0/0 16:53 0:00 4:37
Josh Gorges 0 0 0 0 0 0 1 2 0 0 0/0 20:24 3:25 4:37
Kristopher Letang 1 0 1 0 0 3 2 1 2 0 0/0 25:34 6:18 0:54
Marek Svatos 0 0 0 -1 0 2 1 0 1 0 0/1 16:01 4:18 0:00
Marian Gaborik 0 1 1 1 4 7 1 0 1 0 1/1 20:21 5:24 0:00
Martin Samuelsson 1 0 1 -2 0 1 1 1 0 1 1/1 13:33 0:00 5:06
Michael Del Zotto 0 1 1 -2 0 2 2 3 0 0 0/0 17:38 3:25 0:00
Nazem Kadri 0 0 0 -1 0 3 1 0 0 0 9/10 16:17 4:18 0:16
Ryane Clowe 0 1 1 1 0 3 2 0 0 1 0/1 7:34 0:00 1:13
Tyler Ennis 0 1 1 1 0 1 3 1 1 0 1/3 23:09 5:25 2:46
Valtteri Filppula 0 1 1 1 2 1 0 0 0 0 3/4 6:20 0:00 0:00
Zach Parise 0 0 0 -1 2 1 1 0 2 0 1/1 17:23 4:18 1:16
3 Stars
1 - Bryan Little (Col)
2 - Damien Brunner (Col)
3 - Jack Johnson (Col)
Power Play
Avalanche - 1 on 4 Attempt(s) - 25.00%
Coyotes - 1 on 7 Attempt(s) - 14.29%
Penalty Kill
Avalanche - 6 on 7 Attempt(s) - 85.71%
- Score 1 goal in Penalty Kill
Coyotes - 3 on 4 Attempt(s) - 75.00%
- Score 0 goal in Penalty Kill
Team Stat
Avalanche - Hits : 21 - Faceoff Wins : 26 - Blocked Shots : 20 - Penalty Minutes : 12
Coyotes - Hits : 24 - Faceoff Wins : 41 - Blocked Shots : 13 - Penalty Minutes : 10
Official
Referees : Unknown
Linesman : Unknown
Game Notes
19:57 of 2nd period - Penalty Shot by Damien Brunner for Avalanche - Shot Misses the Net
Finance
Level 1 -- Attendance: 6000 (100.00%) -- Ticket Income $540,000
Level 2 -- Attendance: 5000 (100.00%) -- Ticket Income $265,000
Level 3 -- Attendance: 2000 (100.00%) -- Ticket Income $74,000
Level 4 -- Attendance: 4000 (100.00%) -- Ticket Income $104,000
Luxury Box -- Attendance: 1000 (100.00%) -- Ticket Income $163,000
Game was played at the The Pack Center.
Total Attendance: 18000 (100.00%)
Total Ticket Income: $1,146,000
Other Income: $171,900
Total Income: $1,317,900
Avalanche
5 vs 5 Forward
Center Left Wing Right Wing Time % Phy DF OF
1 Bryan Little Mikkel Boedker Patric Hornqvist 35 1 2 2
2 Paul Stastny Andrei Kostitsyn Alexander Radulov 30 1 2 2
3 Kyle Turris Andrew Ladd Damien Brunner 25 1 2 2
4 Paul Stastny Ville Leino Chuck Kobasew 10 1 2 2
5 vs 5 Defense
Defense Defense Time % Phy DF OF
1 Erik Karlsson Jack Johnson 35 1 2 2
2 Marc Staal Pernell Karl Subban 30 1 2 2
3 Johnny Boychuk Dan Boyle 25 1 2 2
4 Marc Staal Mattias Ekholm 10 1 2 2
PowerPlay Forward
Center Left Wing Right Wing Time % Phy DF OF
1 Bryan Little Mikkel Boedker Patric Hornqvist 60 1 2 2
2 Paul Stastny Andrei Kostitsyn Alexander Radulov 40 1 2 2
PowerPlay Defense
Defense Defense Time % Phy DF OF
1 Erik Karlsson Jack Johnson 60 1 2 2
2 Pernell Karl Subban Dan Boyle 40 1 2 2
Penalty Kill 4 Players Forward
Center Wing Time % Phy DF OF
1 Andrew Ladd Chuck Kobasew 60 1 2 2
2 Bryan Little Patric Hornqvist 40 1 2 2
Penalty Kill 4 Players Defense
Defense Defense Time % Phy DF OF
1 Pernell Karl Subban Marc Staal 60 1 2 2
2 Jack Johnson Johnny Boychuk 40 1 2 2
Penalty Kill - 3 Players Forward
Forward Time % Phy DF OF
1 Chuck Kobasew 60 1 2 2
2 Andrew Ladd 40 1 2 2
Penalty Kill - 3 Players Defense
Defense Defense Time % Phy DF OF
1 Marc Staal Pernell Karl Subban 60 1 2 2
2 Jack Johnson Johnny Boychuk 40 1 2 2
4 vs 4 Forward
Center Wing Time % Phy DF OF
1 Bryan Little Mikkel Boedker 60 1 2 2
2 Paul Stastny Andrei Kostitsyn 40 1 2 2
4 vs 4 Defense
Defense Defense Time % Phy DF OF
1 Marc Staal Pernell Karl Subban 60 1 2 2
2 Jack Johnson Erik Karlsson 40 1 2 2
Last Minutes Offensive
Center Left Wing Right Wing Defense Defense
Bryan Little Mikkel Boedker Alexander Radulov Erik Karlsson Jack Johnson
Last Minutes Defensive
Center Left Wing Right Wing Defense Defense
Bryan Little Andrew Ladd Chuck Kobasew Marc Staal Jack Johnson
Goaltenders
Starting : Semyon Varlamov
Backup : Roberto Luongo
Extra Forwards
Normal : Andrew Ladd, Alexander Radulov, Andrei Kostitsyn - PP : Andrew Ladd, Alexander Radulov - PK : Damien Brunner
Extra Defensemen
Normal : Marc Staal, Erik Karlsson, Pernell Karl Subban - PP : Pernell Karl Subban - PK : Jack Johnson, Pernell Karl Subban
Penalty Shots
Mikkel Boedker, Andrew Ladd, Paul Stastny, Bryan Little, Andrei Kostitsyn
Scratches
Maxim Talbot (Healthy)
Coyotes
5 vs 5 Forward
Center Left Wing Right Wing Time % Phy DF OF
1 Brad Richards Tyler Ennis Marian Gaborik 40 0 2 3
2 Nazem Kadri Zach Parise Marek Svatos 32 0 2 3
3 Brooks Laich Martin Samuelsson Chad Larose 16 0 2 3
4 Valtteri Filppula Ryane Clowe Chris Stewart 12 0 2 3
5 vs 5 Defense
Defense Defense Time % Phy DF OF
1 Kristopher Letang Anton Stralman 40 0 3 2
2 Josh Gorges Greg Zanon 30 0 3 2
3 Alexander Sulzer Michael Del Zotto 25 0 3 2
4 Kristopher Letang Michael Del Zotto 5 0 3 2
PowerPlay Forward
Center Left Wing Right Wing Time % Phy DF OF
1 Brad Richards Tyler Ennis Marian Gaborik 60 0 1 4
2 Nazem Kadri Zach Parise Marek Svatos 40 0 1 4
PowerPlay Defense
Defense Defense Time % Phy DF OF
1 Kristopher Letang Anton Stralman 60 0 2 3
2 Josh Gorges Michael Del Zotto 40 0 2 3
Penalty Kill 4 Players Forward
Center Wing Time % Phy DF OF
1 Chad Larose Martin Samuelsson 60 1 3 1
2 Brad Richards Zach Parise 40 1 3 1
Penalty Kill 4 Players Defense
Defense Defense Time % Phy DF OF
1 Greg Zanon Josh Gorges 60 1 4 0
2 Anton Stralman Alexander Sulzer 40 1 4 0
Penalty Kill - 3 Players Forward
Forward Time % Phy DF OF
1 Brad Richards 60 1 3 1
2 Zach Parise 40 1 3 1
Penalty Kill - 3 Players Defense
Defense Defense Time % Phy DF OF
1 Alexander Sulzer Anton Stralman 60 1 4 0
2 Josh Gorges Greg Zanon 40 1 4 0
4 vs 4 Forward
Center Wing Time % Phy DF OF
1 Brad Richards Marian Gaborik 60 0 2 3
2 Nazem Kadri Zach Parise 40 0 2 3
4 vs 4 Defense
Defense Defense Time % Phy DF OF
1 Kristopher Letang Anton Stralman 60 0 3 2
2 Josh Gorges Greg Zanon 40 0 3 2
Last Minutes Offensive
Center Left Wing Right Wing Defense Defense
Brad Richards Tyler Ennis Marian Gaborik Kristopher Letang Anton Stralman
Last Minutes Defensive
Center Left Wing Right Wing Defense Defense
Brad Richards Zach Parise Chad Larose Greg Zanon Anton Stralman
Goaltenders
Starting : Maxime Daigneault
Backup : Cam Ward
Extra Forwards
Normal : Brooks Laich, Chris Stewart, Ryane Clowe - PP : Brooks Laich, Chris Stewart - PK : Tyler Ennis
Extra Defensemen
Normal : Alexander Sulzer, Michael Del Zotto, Josh Gorges - PP : Alexander Sulzer - PK : Kristopher Letang, Michael Del Zotto
Penalty Shots
Marian Gaborik, Brad Richards, Tyler Ennis, Zach Parise, Nazem Kadri
Scratches
Thomas Hickey (Healthy)
% Time on Ice - Avalanche
Lines # - Real PCT - Wanted PCT - Time Play
Normal Forward
1 - 34% - 35% - 13:52
2 - 32% - 30% - 13:11
3 - 23% - 25% - 9:23
4 - 12% - 10% - 4:54
Normal Defense
1 - 38% - 35% - 15:33
2 - 26% - 30% - 10:37
3 - 23% - 25% - 9:39
4 - 13% - 10% - 5:31
PP Forward
1 - 65% - 60% - 5:33
2 - 35% - 40% - 3:03
PP Defense
1 - 71% - 60% - 6:05
2 - 29% - 40% - 2:31
PK Forward
1 - 78% - 60% - 7:35
2 - 22% - 40% - 2:08
PK Defense
1 - 58% - 60% - 5:39
2 - 42% - 40% - 4:04
PK3 Forward
1 - 0% - 60%
2 - 0% - 40%
PK3 Defense
1 - 0% - 60%
2 - 0% - 40%
44 Forward
1 - 100% - 60% - 0:21
2 - 0% - 40% - 0:00
44 Defense
1 - 100% - 60% - 0:21
2 - 0% - 40% - 0:00
Last Minute Offensive - 0:00
Last Minute Defensive - 0:00
Total
Forward - 60:00
Defense - 60:00
|
% Time on Ice - Coyotes
Lines # - Real PCT - Wanted PCT - Time Play
Normal Forward
1 - 37% - 40% - 15:13
2 - 28% - 32% - 11:43
3 - 20% - 16% - 8:12
4 - 15% - 12% - 6:12
Normal Defense
1 - 35% - 40% - 14:25
2 - 31% - 30% - 12:48
3 - 25% - 25% - 10:24
4 - 9% - 5% - 3:43
PP Forward
1 - 56% - 60% - 5:25
2 - 44% - 40% - 4:18
PP Defense
1 - 65% - 60% - 6:18
2 - 35% - 40% - 3:25
PK Forward
1 - 78% - 60% - 6:41
2 - 22% - 40% - 1:55
PK Defense
1 - 64% - 60% - 5:31
2 - 36% - 40% - 3:05
PK3 Forward
1 - 0% - 60%
2 - 0% - 40%
PK3 Defense
1 - 0% - 60%
2 - 0% - 40%
44 Forward
1 - 100% - 60% - 0:21
2 - 0% - 40% - 0:00
44 Defense
1 - 100% - 60% - 0:21
2 - 0% - 40% - 0:00
Last Minute Offensive - 0:00
Last Minute Defensive - 0:00
Total
Forward - 60:00
Defense - 60:00
|
Play-by-Play
1st period
0:01 of 1st period - Brad Richards wins face-off versus Patric Hornqvist in neutral zone.
0:04 of 1st period - Bryan Little is hit by Tyler Ennis.
0:53 of 1st period - Slapshot by Damien Brunner.
0:53 of 1st period - Shot Misses the Net.
0:55 of 1st period - Slapshot by Pernell Karl Subban.
0:55 of 1st period - Stopped by Maxime Daigneault with a rebound.
0:57 of 1st period - Wrist shot by Pernell Karl Subban.
0:57 of 1st period - Deflect By Greg Zanon.
0:57 of 1st period - Stopped by Maxime Daigneault with a rebound.
1:08 of 1st period - Off-side.
1:09 of 1st period - Paul Stastny wins face-off versus Brooks Laich in neutral zone.
2:25 of 1st period - Snap shot by Marek Svatos.
2:25 of 1st period - Shot Misses the Net.
2:56 of 1st period - Snap shot by Tyler Ennis.
2:56 of 1st period - Shot Misses the Net.
3:00 of 1st period - Wrist shot by Marian Gaborik.
3:00 of 1st period - Shot Misses the Net.
3:03 of 1st period - Icing by Andrew Ladd.
3:04 of 1st period - Kyle Turris wins face-off versus Valtteri Filppula in Avalanche zone.
4:44 of 1st period - Snap shot by Greg Zanon.
4:44 of 1st period - Shot Misses the Net.
4:52 of 1st period - Wrist shot by Valtteri Filppula.
4:52 of 1st period - Stopped by Semyon Varlamov without a rebound.
4:53 of 1st period - Brad Richards wins face-off versus Bryan Little in Avalanche zone.
5:20 of 1st period - Kristopher Letang is hit by Alexander Radulov and loses puck.
5:27 of 1st period - Erik Karlsson is hit by Michael Del Zotto and loses puck.
5:52 of 1st period - Erik Karlsson is hit by Brooks Laich and loses puck.
6:05 of 1st period - Erik Karlsson is hit by Marian Gaborik and loses puck.
7:12 of 1st period - Icing by Michael Del Zotto.
7:13 of 1st period - Nazem Kadri wins face-off versus Bryan Little in Coyotes zone.
7:56 of 1st period - Johnny Boychuk is hit by Brooks Laich and loses puck.
8:01 of 1st period - Slapshot by Michael Del Zotto.
8:01 of 1st period - Deflect By Chad Larose.
8:01 of 1st period - Shot Misses the Net.
8:01 of 1st period - Puck is out of play.
8:02 of 1st period - Brooks Laich wins face-off versus Bryan Little in Avalanche zone.
8:17 of 1st period - Snap shot by Kristopher Letang.
8:17 of 1st period - Stopped by Semyon Varlamov with a rebound.
8:19 of 1st period - Wrist shot by Martin Samuelsson.
8:19 of 1st period - Shot Misses the Net.
8:25 of 1st period - Slapshot by Kristopher Letang.
8:25 of 1st period - Stopped by Semyon Varlamov with a rebound.
8:27 of 1st period - Slapshot by Josh Gorges.
8:27 of 1st period - Deflect By Chad Larose.
8:27 of 1st period - Stopped by Semyon Varlamov without a rebound.
8:28 of 1st period - Paul Stastny wins face-off versus Brad Richards in Avalanche zone.
8:32 of 1st period - Off-side.
8:33 of 1st period - Brad Richards wins face-off versus Paul Stastny in neutral zone.
8:48 of 1st period - Wrist shot by Tyler Ennis.
8:48 of 1st period - Shot Misses the Net.
8:50 of 1st period - Wrist shot by Brad Richards.
8:50 of 1st period - Shot Blocked by Andrei Kostitsyn.
9:04 of 1st period - Wrist shot by Bryan Little.
9:04 of 1st period - Shot Blocked by Greg Zanon.
9:06 of 1st period - Snap shot by Patric Hornqvist.
9:06 of 1st period - Shot Misses the Net.
9:08 of 1st period - Slapshot by Marc Staal.
9:08 of 1st period - Deflect By Greg Zanon.
9:08 of 1st period - Stopped by Maxime Daigneault with a rebound.
9:10 of 1st period - Snap shot by Marc Staal.
9:10 of 1st period - Deflect By Bryan Little.
9:10 of 1st period - Stopped by Maxime Daigneault without a rebound.
9:11 of 1st period - Brad Richards wins face-off versus Bryan Little in Coyotes zone.
9:24 of 1st period - Snap shot by Tyler Ennis.
9:24 of 1st period - Shot Misses the Net.
9:38 of 1st period - Alexander Radulov is hit by Zach Parise and loses puck.
10:01 of 1st period - Greg Zanon is hit by Kyle Turris and loses puck.
10:10 of 1st period - Wrist shot by Ryane Clowe.
10:10 of 1st period - Deflect By Chris Stewart.
10:10 of 1st period - Goal by Chris Stewart - Avalanche : 0 - Coyotes : 1.
10:11 of 1st period - Alexander Radulov wins face-off versus Brad Richards in neutral zone.
10:20 of 1st period - Slapshot by Tyler Ennis.
10:20 of 1st period - Stopped by Semyon Varlamov without a rebound.
10:21 of 1st period - Brad Richards wins face-off versus Paul Stastny in Avalanche zone.
10:22 of 1st period - Wrist shot by Marian Gaborik.
10:22 of 1st period - Stopped by Semyon Varlamov without a rebound.
10:23 of 1st period - Brad Richards wins face-off versus Paul Stastny in Avalanche zone.
10:30 of 1st period - Wrist shot by Brad Richards.
10:30 of 1st period - Goal by Brad Richards - Avalanche : 0 - Coyotes : 2.
10:31 of 1st period - Paul Stastny wins face-off versus Brad Richards in neutral zone.
10:58 of 1st period - Off-side.
10:59 of 1st period - Bryan Little wins face-off versus Nazem Kadri in neutral zone.
11:18 of 1st period - Slapshot by Patric Hornqvist.
11:18 of 1st period - Stopped by Maxime Daigneault without a rebound.
11:19 of 1st period - Paul Stastny wins face-off versus Brad Richards in Coyotes zone.
11:20 of 1st period - Slapshot by Andrei Kostitsyn.
11:20 of 1st period - Shot Blocked by Anton Stralman.
11:22 of 1st period - Slapshot by Pernell Karl Subban.
11:22 of 1st period - Stopped by Maxime Daigneault with a rebound.
11:24 of 1st period - Snap shot by Andrei Kostitsyn.
11:24 of 1st period - Stopped by Maxime Daigneault with a rebound.
11:48 of 1st period - Slapshot by Kristopher Letang.
11:48 of 1st period - Shot Blocked by Bryan Little.
12:12 of 1st period - Snap shot by Patric Hornqvist.
12:12 of 1st period - Stopped by Maxime Daigneault without a rebound.
12:13 of 1st period - Valtteri Filppula wins face-off versus Kyle Turris in Coyotes zone.
12:15 of 1st period - Minor Penalty to Valtteri Filppula for Hooking.
12:16 of 1st period - Bryan Little wins face-off versus Chad Larose in Coyotes zone.
12:32 of 1st period - Snap shot by Mikkel Boedker.
12:32 of 1st period - Deflect By Greg Zanon.
12:32 of 1st period - Shot Blocked by Josh Gorges.
12:32 of 1st period - Puck is out of play.
12:33 of 1st period - Chad Larose wins face-off versus Bryan Little in Coyotes zone.
14:14 of 1st period - Bryan Little is hit by Ryane Clowe and loses puck.
14:15 of 1st period - Penalty to Valtteri Filppula is over, Valtteri Filppula is back on ice.
14:28 of 1st period - Slapshot by Anton Stralman.
14:28 of 1st period - Stopped by Semyon Varlamov with a rebound.
14:30 of 1st period - Snap shot by Marek Svatos.
14:30 of 1st period - Stopped by Semyon Varlamov with a rebound.
14:32 of 1st period - Slapshot by Anton Stralman.
14:32 of 1st period - Stopped by Semyon Varlamov with a rebound.
15:05 of 1st period - Snap shot by Valtteri Filppula.
15:05 of 1st period - Shot Blocked by Mattias Ekholm.
15:53 of 1st period - Snap shot by Zach Parise.
15:53 of 1st period - Shot Blocked by Chuck Kobasew.
16:23 of 1st period - Andrei Kostitsyn is hit by Martin Samuelsson.
16:35 of 1st period - Snap shot by Nazem Kadri.
16:35 of 1st period - Deflect By Marek Svatos.
16:35 of 1st period - Shot Misses the Net.
16:35 of 1st period - Puck is out of play.
16:36 of 1st period - Nazem Kadri wins face-off versus Kyle Turris in Avalanche zone.
16:39 of 1st period - Wrist shot by Nazem Kadri.
16:39 of 1st period - Stopped by Semyon Varlamov with a rebound.
16:41 of 1st period - Slapshot by Kristopher Letang.
16:41 of 1st period - Shot Blocked by Andrew Ladd.
16:43 of 1st period - Wrist shot by Marek Svatos.
16:43 of 1st period - Stopped by Semyon Varlamov with a rebound.
16:45 of 1st period - Slapshot by Anton Stralman.
16:45 of 1st period - Deflect By Zach Parise.
16:45 of 1st period - Shot Blocked by Erik Karlsson.
16:45 of 1st period - Puck is out of play.
16:46 of 1st period - Paul Stastny wins face-off versus Brad Richards in Avalanche zone.
17:24 of 1st period - Zach Parise is hit by Patric Hornqvist and loses puck.
17:39 of 1st period - Snap shot by Damien Brunner.
17:39 of 1st period - Shot Misses the Net.
17:41 of 1st period - Snap shot by Kyle Turris.
17:41 of 1st period - Shot Blocked by Michael Del Zotto.
17:43 of 1st period - Snap shot by Erik Karlsson.
17:43 of 1st period - Deflect By Damien Brunner.
17:43 of 1st period - Goal by Damien Brunner - Avalanche : 1 - Coyotes : 2.
17:44 of 1st period - Brad Richards wins face-off versus Paul Stastny in neutral zone.
17:47 of 1st period - Alexander Radulov is hit by Alexander Sulzer and loses puck.
18:39 of 1st period - Off-side.
18:40 of 1st period - Brad Richards wins face-off versus Paul Stastny in neutral zone.
18:47 of 1st period - Snap shot by Tyler Ennis.
18:47 of 1st period - Shot Misses the Net.
18:49 of 1st period - Slapshot by Anton Stralman.
18:49 of 1st period - Stopped by Semyon Varlamov without a rebound.
18:50 of 1st period - Brad Richards wins face-off versus Paul Stastny in Avalanche zone.
19:17 of 1st period - Paul Stastny is hit by Tyler Ennis and loses puck.
19:26 of 1st period - Wrist shot by Alexander Radulov.
19:26 of 1st period - Stopped by Maxime Daigneault with a rebound.
19:46 of 1st period - Slapshot by Paul Stastny.
19:46 of 1st period - Stopped by Maxime Daigneault without a rebound.
19:47 of 1st period - Bryan Little wins face-off versus Brooks Laich in Coyotes zone.
Goals for this period are 1 for Avalanche vs 2 for Coyotes.
Shots for this period are 11 for Avalanche vs 14 for Coyotes.
2nd period
0:01 of 2nd period - Brad Richards wins face-off versus Bryan Little in neutral zone.
0:36 of 2nd period - Wrist shot by Andrei Kostitsyn.
0:36 of 2nd period - Shot Misses the Net.
0:42 of 2nd period - Andrei Kostitsyn is hit by Marek Svatos and loses puck.
0:58 of 2nd period - Snap shot by Andrew Ladd.
0:58 of 2nd period - Goal by Andrew Ladd - Avalanche : 2 - Coyotes : 2.
0:59 of 2nd period - Brad Richards wins face-off versus Bryan Little in neutral zone.
1:37 of 2nd period - Backhand shot by Mikkel Boedker.
1:37 of 2nd period - Stopped by Maxime Daigneault without a rebound.
1:38 of 2nd period - Brad Richards wins face-off versus Kyle Turris in Coyotes zone.
2:03 of 2nd period - Marian Gaborik is hit by Ville Leino and loses puck.
2:16 of 2nd period - Snap shot by Marian Gaborik.
2:16 of 2nd period - Stopped by Semyon Varlamov without a rebound.
2:17 of 2nd period - Nazem Kadri wins face-off versus Bryan Little in Avalanche zone.
2:44 of 2nd period - Johnny Boychuk is hit by Ryane Clowe and loses puck.
2:58 of 2nd period - Snap shot by Ryane Clowe.
2:58 of 2nd period - Shot Blocked by Bryan Little.
3:10 of 2nd period - Anton Stralman is hit by Andrei Kostitsyn and loses puck.
3:28 of 2nd period - Icing by Kristopher Letang.
3:29 of 2nd period - Tyler Ennis wins face-off versus Kyle Turris in Coyotes zone.
3:56 of 2nd period - Marek Svatos is hit by Andrei Kostitsyn and loses puck.
4:17 of 2nd period - Mikkel Boedker is hit by Chad Larose and loses puck.
4:39 of 2nd period - Chad Larose is hit by Jack Johnson and loses puck.
4:44 of 2nd period - Snap shot by Bryan Little.
4:44 of 2nd period - Shot Misses the Net.
4:58 of 2nd period - Wrist shot by Martin Samuelsson.
4:58 of 2nd period - Goal by Martin Samuelsson - Avalanche : 2 - Coyotes : 3.
4:59 of 2nd period - Marian Gaborik wins face-off versus Paul Stastny in neutral zone.
5:12 of 2nd period - Wrist shot by Tyler Ennis.
5:12 of 2nd period - Shot Blocked by Andrei Kostitsyn.
5:36 of 2nd period - Wrist shot by Nazem Kadri.
5:36 of 2nd period - Stopped by Semyon Varlamov with a rebound.
5:43 of 2nd period - Icing by Pernell Karl Subban.
5:44 of 2nd period - Valtteri Filppula wins face-off versus Bryan Little in Avalanche zone.
6:11 of 2nd period - Backhand shot by Marc Staal.
6:11 of 2nd period - Shot Misses the Net.
6:13 of 2nd period - Wrist shot by Marc Staal.
6:13 of 2nd period - Shot Blocked by Josh Gorges.
6:15 of 2nd period - Snap shot by Paul Stastny.
6:15 of 2nd period - Stopped by Maxime Daigneault with a rebound.
6:17 of 2nd period - Slapshot by Pernell Karl Subban.
6:17 of 2nd period - Shot Blocked by Tyler Ennis.
6:19 of 2nd period - Snap shot by Marc Staal.
6:19 of 2nd period - Stopped by Maxime Daigneault without a rebound.
6:20 of 2nd period - Zach Parise wins face-off versus Kyle Turris in Coyotes zone.
6:22 of 2nd period - Minor Penalty to Zach Parise for Roughing.
6:23 of 2nd period - Bryan Little wins face-off versus Chad Larose in Coyotes zone.
7:13 of 2nd period - Martin Samuelsson is hit by Patric Hornqvist and loses puck.
7:20 of 2nd period - Martin Samuelsson is hit by Mikkel Boedker and loses puck.
8:22 of 2nd period - Penalty to Zach Parise is over, Zach Parise is back on ice.
8:50 of 2nd period - Off-side.
8:51 of 2nd period - Kyle Turris wins face-off versus Ryane Clowe in neutral zone.
8:53 of 2nd period - Marc Staal is hit by Josh Gorges and loses puck.
9:14 of 2nd period - Snap shot by Chris Stewart.
9:14 of 2nd period - Shot Blocked by Damien Brunner.
9:16 of 2nd period - Snap shot by Michael Del Zotto.
9:16 of 2nd period - Stopped by Semyon Varlamov without a rebound.
9:17 of 2nd period - Kyle Turris wins face-off versus Brad Richards in Avalanche zone.
9:22 of 2nd period - Wrist shot by Andrew Ladd.
9:22 of 2nd period - Stopped by Maxime Daigneault without a rebound.
9:23 of 2nd period - Paul Stastny wins face-off versus Brad Richards in Coyotes zone.
9:50 of 2nd period - Snap shot by Bryan Little.
9:50 of 2nd period - Shot Blocked by Michael Del Zotto.
9:56 of 2nd period - Bryan Little is hit by Kristopher Letang and loses puck.
10:10 of 2nd period - Michael Del Zotto is hit by Dan Boyle and loses puck.
10:35 of 2nd period - Snap shot by Paul Stastny.
10:35 of 2nd period - Shot Blocked by Greg Zanon.
10:37 of 2nd period - Snap shot by Dan Boyle.
10:37 of 2nd period - Shot Blocked by Greg Zanon.
10:39 of 2nd period - Slapshot by Paul Stastny.
10:39 of 2nd period - Shot Misses the Net.
10:53 of 2nd period - Snap shot by Bryan Little.
10:53 of 2nd period - Stopped by Maxime Daigneault without a rebound.
10:54 of 2nd period - Brad Richards wins face-off versus Bryan Little in Coyotes zone.
11:12 of 2nd period - Jack Johnson is hit by Tyler Ennis.
11:22 of 2nd period - Snap shot by Mikkel Boedker.
11:22 of 2nd period - Shot Misses the Net.
11:27 of 2nd period - Minor Penalty to Patric Hornqvist for Interference.
11:28 of 2nd period - Brad Richards wins face-off versus Chuck Kobasew in Avalanche zone.
12:05 of 2nd period - Jack Johnson is hit by Nazem Kadri and loses puck.
13:04 of 2nd period - Brad Richards is hit by Chuck Kobasew and loses puck.
13:27 of 2nd period - Penalty to Patric Hornqvist is over, Patric Hornqvist is back on ice.
14:01 of 2nd period - Snap shot by Marian Gaborik.
14:01 of 2nd period - Shot Misses the Net.
14:15 of 2nd period - Slapshot by Kristopher Letang.
14:15 of 2nd period - Shot Blocked by Andrei Kostitsyn.
14:17 of 2nd period - Slapshot by Anton Stralman.
14:17 of 2nd period - Stopped by Semyon Varlamov without a rebound.
14:18 of 2nd period - Nazem Kadri wins face-off versus Kyle Turris in Avalanche zone.
14:51 of 2nd period - Snap shot by Paul Stastny.
14:51 of 2nd period - Shot Blocked by Brooks Laich.
15:31 of 2nd period - Slapshot by Ryane Clowe.
15:31 of 2nd period - Stopped by Semyon Varlamov with a rebound.
15:49 of 2nd period - Slapshot by Chad Larose.
15:49 of 2nd period - Stopped by Semyon Varlamov with a rebound.
15:51 of 2nd period - Slapshot by Greg Zanon.
15:51 of 2nd period - Shot Misses the Net.
15:53 of 2nd period - Wrist shot by Chad Larose.
15:53 of 2nd period - Shot Blocked by Jack Johnson.
15:55 of 2nd period - Slapshot by Greg Zanon.
15:55 of 2nd period - Shot Blocked by Damien Brunner.
15:57 of 2nd period - Wrist shot by Chad Larose.
15:57 of 2nd period - Deflect By Brooks Laich.
15:57 of 2nd period - Shot Misses the Net.
15:57 of 2nd period - Puck is out of play.
15:58 of 2nd period - Paul Stastny wins face-off versus Marek Svatos in Avalanche zone.
15:58 of 2nd period - Paul Stastny is hit by Michael Del Zotto.
16:01 of 2nd period - Minor Penalty to Chuck Kobasew for Slashing.
16:02 of 2nd period - Nazem Kadri wins face-off versus Andrew Ladd in Avalanche zone.
16:04 of 2nd period - Snap shot by Zach Parise.
16:04 of 2nd period - Stopped by Semyon Varlamov without a rebound.
16:05 of 2nd period - Nazem Kadri wins face-off versus Andrew Ladd in Avalanche zone.
16:14 of 2nd period - Slapshot by Nazem Kadri.
16:14 of 2nd period - Stopped by Semyon Varlamov with a rebound.
16:16 of 2nd period - Slapshot by Anton Stralman.
16:16 of 2nd period - Shot Blocked by Marc Staal.
16:18 of 2nd period - Slapshot by Zach Parise.
16:18 of 2nd period - Shot Blocked by Marc Staal.
16:42 of 2nd period - Backhand shot by Marian Gaborik.
16:42 of 2nd period - Deflect By Brad Richards.
16:42 of 2nd period - Shot Misses the Net.
16:42 of 2nd period - Puck is out of play.
16:43 of 2nd period - Brad Richards wins face-off versus Damien Brunner in Avalanche zone.
16:46 of 2nd period - Snap shot by Marian Gaborik.
16:46 of 2nd period - Stopped by Semyon Varlamov with a rebound.
18:01 of 2nd period - Penalty to Chuck Kobasew is over, Chuck Kobasew is back on ice.
18:33 of 2nd period - Snap shot by Ville Leino.
18:33 of 2nd period - Goal by Ville Leino - Avalanche : 3 - Coyotes : 3.
18:34 of 2nd period - Brad Richards wins face-off versus Paul Stastny in neutral zone.
18:37 of 2nd period - Alexander Radulov is hit by Alexander Sulzer and loses puck.
18:46 of 2nd period - Slapshot by Tyler Ennis.
18:46 of 2nd period - Shot Blocked by Pernell Karl Subban.
18:51 of 2nd period - Minor Penalty to Andrei Kostitsyn for Hooking.
18:52 of 2nd period - Andrew Ladd wins face-off versus Brad Richards in Avalanche zone.
19:00 of 2nd period - Snap shot by Kristopher Letang.
19:00 of 2nd period - Deflect By Chuck Kobasew.
19:00 of 2nd period - Goal by Kristopher Letang - Avalanche : 3 - Coyotes : 4.
19:01 of 2nd period - Brad Richards wins face-off versus Bryan Little in neutral zone.
19:12 of 2nd period - Patric Hornqvist is hit by Brad Richards and loses puck.
19:27 of 2nd period - Slapshot by Michael Del Zotto.
19:27 of 2nd period - Stopped by Semyon Varlamov without a rebound.
19:28 of 2nd period - Andrei Kostitsyn wins face-off versus Brooks Laich in Avalanche zone.
19:57 of 2nd period - Penalty Shot by Damien Brunner for Avalanche.
19:57 of 2nd period - Backhand shot by Damien Brunner.
19:57 of 2nd period - Shot Misses the Net.
19:58 of 2nd period - Brad Richards wins face-off versus Patric Hornqvist in Avalanche zone.
Goals for this period are 2 for Avalanche vs 2 for Coyotes.
Shots for this period are 7 for Avalanche vs 12 for Coyotes.
3rd period
0:01 of 3rd period - Brad Richards wins face-off versus Bryan Little in neutral zone.
0:06 of 3rd period - Brad Richards is hit by Mikkel Boedker and loses puck.
0:49 of 3rd period - Slapshot by Erik Karlsson.
0:49 of 3rd period - Stopped by Maxime Daigneault with a rebound.
0:51 of 3rd period - Slapshot by Jack Johnson.
0:51 of 3rd period - Stopped by Maxime Daigneault with a rebound.
0:53 of 3rd period - Wrist shot by Mikkel Boedker.
0:53 of 3rd period - Shot Misses the Net.
1:05 of 3rd period - Slapshot by Mikkel Boedker.
1:05 of 3rd period - Stopped by Maxime Daigneault with a rebound.
1:07 of 3rd period - Slapshot by Jack Johnson.
1:07 of 3rd period - Shot Blocked by Michael Del Zotto.
1:09 of 3rd period - Wrist shot by Jack Johnson.
1:09 of 3rd period - Shot Misses the Net.
1:11 of 3rd period - Snap shot by Mikkel Boedker.
1:11 of 3rd period - Stopped by Maxime Daigneault without a rebound.
1:12 of 3rd period - Paul Stastny wins face-off versus Brad Richards in Coyotes zone.
1:13 of 3rd period - Wrist shot by Andrei Kostitsyn.
1:13 of 3rd period - Stopped by Maxime Daigneault without a rebound.
1:14 of 3rd period - Brad Richards wins face-off versus Paul Stastny in Coyotes zone.
1:18 of 3rd period - Kristopher Letang is hit by Alexander Radulov and loses puck.
1:35 of 3rd period - Marian Gaborik is hit by Alexander Radulov and loses puck.
2:18 of 3rd period - Snap shot by Marian Gaborik.
2:18 of 3rd period - Stopped by Semyon Varlamov with a rebound.
2:20 of 3rd period - Snap shot by Brad Richards.
2:20 of 3rd period - Stopped by Semyon Varlamov without a rebound.
2:21 of 3rd period - Nazem Kadri wins face-off versus Kyle Turris in Avalanche zone.
2:23 of 3rd period - Minor Penalty to Damien Brunner for Tripping.
2:24 of 3rd period - Nazem Kadri wins face-off versus Andrew Ladd in Avalanche zone.
3:37 of 3rd period - Slapshot by Jack Johnson.
3:37 of 3rd period - Goal by Jack Johnson - Avalanche : 4 - Coyotes : 4.
3:38 of 3rd period - Brad Richards wins face-off versus Andrew Ladd in neutral zone.
3:53 of 3rd period - Slapshot by Kristopher Letang.
3:53 of 3rd period - Shot Blocked by Marc Staal.
4:01 of 3rd period - Double Minor Penalty to Marian Gaborik for Slashing.
4:02 of 3rd period - Bryan Little wins face-off versus Brad Richards in Coyotes zone.
4:03 of 3rd period - Wrist shot by Mikkel Boedker.
4:03 of 3rd period - Stopped by Maxime Daigneault with a rebound.
4:05 of 3rd period - Slapshot by Marc Staal.
4:05 of 3rd period - Shot Misses the Net.
4:07 of 3rd period - Wrist shot by Mikkel Boedker.
4:07 of 3rd period - Deflect By Bryan Little.
4:07 of 3rd period - Shot Misses the Net.
4:07 of 3rd period - Puck is out of play.
4:08 of 3rd period - Brooks Laich wins face-off versus Bryan Little in Coyotes zone.
4:23 of 3rd period - Penalty to Damien Brunner is over, Damien Brunner is back on ice.
5:03 of 3rd period - Snap shot by Bryan Little.
5:03 of 3rd period - Shot Blocked by Martin Samuelsson.
5:05 of 3rd period - Slapshot by Marc Staal.
5:05 of 3rd period - Shot Misses the Net.
5:31 of 3rd period - Snap shot by Bryan Little.
5:31 of 3rd period - Goal by Bryan Little - Avalanche : 5 - Coyotes : 4.
5:32 of 3rd period - Paul Stastny wins face-off versus Chad Larose in neutral zone.
5:46 of 3rd period - Wrist shot by Andrei Kostitsyn.
5:46 of 3rd period - Stopped by Maxime Daigneault with a rebound.
5:48 of 3rd period - Slapshot by Erik Karlsson.
5:48 of 3rd period - Stopped by Maxime Daigneault with a rebound.
7:16 of 3rd period - Wrist shot by Ryane Clowe.
7:16 of 3rd period - Stopped by Semyon Varlamov without a rebound.
7:17 of 3rd period - Paul Stastny wins face-off versus Tyler Ennis in Avalanche zone.
7:31 of 3rd period - Penalty to Marian Gaborik is over, Marian Gaborik is back on ice.
8:18 of 3rd period - Wrist shot by Ryane Clowe.
8:18 of 3rd period - Stopped by Semyon Varlamov without a rebound.
8:19 of 3rd period - Kyle Turris wins face-off versus Brad Richards in Avalanche zone.
9:43 of 3rd period - Wrist shot by Marian Gaborik.
9:43 of 3rd period - Shot Misses the Net.
9:45 of 3rd period - Wrist shot by Marian Gaborik.
9:45 of 3rd period - Deflect By Andrew Ladd.
9:45 of 3rd period - Stopped by Semyon Varlamov with a rebound.
9:47 of 3rd period - Wrist shot by Marian Gaborik.
9:47 of 3rd period - Stopped by Semyon Varlamov with a rebound.
10:09 of 3rd period - Slapshot by Valtteri Filppula.
10:09 of 3rd period - Shot Blocked by Marc Staal.
10:25 of 3rd period - Chad Larose is hit by Mattias Ekholm and loses puck.
10:34 of 3rd period - Slapshot by Martin Samuelsson.
10:34 of 3rd period - Shot Misses the Net.
11:00 of 3rd period - Snap shot by Paul Stastny.
11:00 of 3rd period - Shot Misses the Net.
11:29 of 3rd period - Minor Penalty to Paul Stastny for Roughing.
11:30 of 3rd period - Andrew Ladd wins face-off versus Brad Richards in Avalanche zone.
11:45 of 3rd period - Kristopher Letang is hit by Johnny Boychuk and loses puck.
12:50 of 3rd period - Andrew Ladd is hit by Brad Richards and loses puck.
13:29 of 3rd period - Penalty to Paul Stastny is over, Paul Stastny is back on ice.
13:39 of 3rd period - Backhand shot by Chris Stewart.
13:39 of 3rd period - Shot Blocked by Pernell Karl Subban.
13:41 of 3rd period - Slapshot by Greg Zanon.
13:41 of 3rd period - Deflect By Patric Hornqvist.
13:41 of 3rd period - Stopped by Semyon Varlamov without a rebound.
13:42 of 3rd period - Valtteri Filppula wins face-off versus Paul Stastny in Avalanche zone.
13:53 of 3rd period - Snap shot by Chris Stewart.
13:53 of 3rd period - Stopped by Semyon Varlamov without a rebound.
13:54 of 3rd period - Bryan Little wins face-off versus Brooks Laich in Avalanche zone.
13:54 of 3rd period - Bryan Little is hit by Alexander Sulzer.
14:00 of 3rd period - Martin Samuelsson is hit by Patric Hornqvist and loses puck.
14:06 of 3rd period - Michael Del Zotto is hit by Bryan Little and loses puck.
14:39 of 3rd period - Wrist shot by Andrew Ladd.
14:39 of 3rd period - Stopped by Maxime Daigneault with a rebound.
14:44 of 3rd period - Off-side.
14:45 of 3rd period - Nazem Kadri wins face-off versus Bryan Little in neutral zone.
14:51 of 3rd period - Minor Penalty to Mikkel Boedker for Interference.
14:52 of 3rd period - Brad Richards wins face-off versus Andrew Ladd in Avalanche zone.
14:54 of 3rd period - Snap shot by Marian Gaborik.
14:54 of 3rd period - Stopped by Semyon Varlamov without a rebound.
14:55 of 3rd period - Andrew Ladd wins face-off versus Brad Richards in Avalanche zone.
15:10 of 3rd period - Snap shot by Tyler Ennis.
15:10 of 3rd period - Shot Blocked by Andrew Ladd.
15:30 of 3rd period - Slapshot by Anton Stralman.
15:30 of 3rd period - Deflect By Bryan Little.
15:30 of 3rd period - Stopped by Semyon Varlamov with a rebound.
15:32 of 3rd period - Wrist shot by Anton Stralman.
15:32 of 3rd period - Shot Blocked by Patric Hornqvist.
15:42 of 3rd period - Josh Gorges is hit by Chuck Kobasew and loses puck.
16:51 of 3rd period - Penalty to Mikkel Boedker is over, Mikkel Boedker is back on ice.
17:03 of 3rd period - Slapshot by Bryan Little.
17:03 of 3rd period - Shot Blocked by Kristopher Letang.
17:09 of 3rd period - Bryan Little is hit by Kristopher Letang and loses puck.
18:20 of 3rd period - Marc Staal is hit by Chad Larose and loses puck.
18:29 of 3rd period - Minor Penalty to Chad Larose for Roughing.
18:30 of 3rd period - Martin Samuelsson wins face-off versus Bryan Little in Coyotes zone.
18:30 of 3rd period - Martin Samuelsson is hit by Bryan Little.
18:56 of 3rd period - Martin Samuelsson is hit by Mikkel Boedker and loses puck.
19:05 of 3rd period - Wrist shot by Mikkel Boedker.
19:05 of 3rd period - Deflect By Greg Zanon.
19:05 of 3rd period - Shot Misses the Net.
19:05 of 3rd period - Puck is out of play.
19:06 of 3rd period - Mike Keenan call a timeout for Coyotes.
19:06 of 3rd period - Bryan Little wins face-off versus Tyler Ennis in Coyotes zone.
19:09 of 3rd period - Snap shot by Bryan Little.
19:09 of 3rd period - Stopped by Maxime Daigneault with a rebound.
19:13 of 3rd period - Wrist shot by Bryan Little.
19:13 of 3rd period - Shot Misses the Net.
Goals for this period are 2 for Avalanche vs 0 for Coyotes.
Shots for this period are 12 for Avalanche vs 10 for Coyotes.
Back to the Top